 Dungeon Crawl Stone Soup version 0.22-a0-373-gab1296c (webtiles) character file.

8274 Firecrotchwizard the Basher (level 11, -10/71 HPs)
             Began as a Gargoyle Gladiator on Apr 25, 2018.
             Was a Priest of Makhleb.
             Splashed by an oklob plant's acid (13 damage)
             ... on level 10 of the Dungeon.
             The game lasted 00:22:05 (11914 turns).

Firecrotchwizard the Basher (Gargoyle Gladiator)   Turns: 11914, Time: 00:22:06

Health: -10/71     AC: 15    Str: 18    XL:     11   Next: 28%
Magic:  16/16      EV:  8    Int: 13    God:    Makhleb [***...]
Gold:   267        SH:  8    Dex: 13    Spells: 10/10 levels left

rFire    + + .     SeeInvis +   a - +1 flail
rCold    + . .     Gourm    +   L - +3 buckler "Wumpio Totul" {rF+ SInv}
rNeg     + . .     Faith    .   p - +0 chain mail
rPois    ∞         Spirit   .   J - +2 helmet {Int+3}
rElec    +         Reflect  .   (no cloak)
rCorr    .         Harm     .   h - +0 pair of gloves
MR       .....                  (no boots)
Stlth    ..........             z - amulet of the gourmand {Gourm, !d}
HPRegen  0.21/turn              m - ring of protection from cold {rC+, !d}
MPRegen  0.15/turn              y - ring of protection from fire {rF+, !d}

@: corroded
A: negative energy resistance 1, electricity resistance, unbreathing,
petrification resistance, rot immunity, AC +8
a: Minor Destruction, Lesser Servant of Makhleb, Renounce Religion


You were on level 10 of the Dungeon.
You worshipped Makhleb.
Makhleb was most pleased with you.
You were very full.

You visited 2 branches of the dungeon, and saw 12 of its levels.

You collected 558 gold pieces.
You spent 291 gold pieces at shops.

Inventory:

Hand Weapons
 a - a +1 flail (weapon)
 c - a +2 short sword of venom
   (You took it off an orc on level 8 of the Dungeon)
 F - a +3 long sword of electrocution
   (You took it off Urug on level 10 of the Dungeon)
 O - a +2 shortbow of flaming
   (You took it off a centaur on level 10 of the Dungeon)
Missiles
 d - 4 throwing nets {=f, !d}
 N - 3 javelins (quivered)
Armour
 h - a +0 pair of gloves (worn)
   (You found it on level 1 of the Dungeon)
 p - a +0 chain mail (worn)
   (You found it on level 2 of the Dungeon)
 J - a +2 helmet of intelligence (worn)
   (You bought it in a shop on level 8 of the Dungeon)
 L - the +3 buckler "Wumpio Totul" (worn) {rF+ SInv}
   (You found it on level 9 of the Dungeon)

   It protects you from fire.
   It lets you see invisible.
Jewellery
 m - a ring of protection from cold (left hand) {rC+, !d}
   (You found it on level 1 of the Dungeon)
 y - a ring of protection from fire (right hand) {rF+, !d}
   (You found it on level 4 of the Dungeon)
 z - an amulet of the gourmand (around neck) {Gourm, !d}
   (You found it on level 4 of the Dungeon)
Wands
 B - a wand of random effects (33)
   (You found it on level 7 of the Dungeon)
 H - a wand of disintegration (21) {@e1}
   (You found it on level 5 of the Dungeon)
 M - a wand of iceblast (8)
   (You found it on level 9 of the Dungeon)
Scrolls
 b - 2 scrolls of magic mapping {unknown}
 j - 2 scrolls of amnesia
 k - a scroll of blinking {unknown}
 l - 4 scrolls of remove curse
 q - 13 scrolls of identify
 r - a scroll of fog
 v - 2 scrolls of teleportation
 x - 2 scrolls of fear {unknown}
 A - a scroll of noise {unknown}
 D - a scroll of torment {unknown}
 I - a scroll of vulnerability {unknown}
 K - a scroll of random uselessness {unknown}
 P - a scroll of immolation {unknown}
Potions
 e - a potion of berserk rage {unknown}
 g - 5 potions of mutation {unknown}
 i - 5 potions of curing
 n - 3 potions of lignification {unknown}
 o - 2 potions of ambrosia {unknown}
 s - 2 potions of brilliance {unknown}
 t - 2 potions of heal wounds
 u - a potion of cancellation {unknown}
 w - a potion of resistance {unknown}
 C - 2 potions of degeneration {unknown}
 E - 2 potions of haste {unknown}
 G - 2 potions of invisibility {unknown}
 Q - a potion of flight {unknown}
Comestibles
 f - 18 rations {@e1}


   Skills:
 + Level 9.0 Fighting
 * Level 11.6 Maces & Flails
 - Level 1.7 Throwing
 + Level 7.5 Armour
 - Level 2.4 Dodging
 - Level 4.0 Shields
 + Level 6.8 Invocations


You had 10 spell levels left.
You didn't know any spells.

Dungeon Overview and Level Annotations

Branches:
Dungeon (11/15)            Temple (1/1) D:4            Lair (0/6) D:10
    Orc (0/2) D:10

Altars:
Dithmenos
Gozag
Makhleb
Ru
Sif Muna
Trog
Vehumet

Shops:
D:4 !   D:8 [   D:9 *   D:10 *?}

Annotations:
D:4 exclusion: door
D:5 gressup's ghost, novice KoHu
D:10 exclusion: oklob plant


Innate Abilities, Weirdness & Mutations

You are resistant to torment.
Your stone body is resilient. (AC +8)
You are immune to poison.
You resist negative energy. (rN+)
You are resistant to electric shocks. (rElec)
You can survive without breathing.
You are immune to petrification.
You are immune to rotting.


Message History

Autochopping corpse.
You butcher the worker ant corpse.
N - 3 chunks of flesh {@w0} Autoeating chunks.
Eating one of 3 chunks of flesh {@w0}.
You eat one of the 3 chunks of flesh {@w0}.
This raw flesh tastes great.
Autoeating chunks.
Eating one of 2 chunks of flesh {@w0}.
You eat one of the 2 chunks of flesh {@w0}.
This raw flesh tastes great.
Eating a chunk of flesh {@w0}.
You eat the chunk of flesh {@w0}.
This raw flesh tastes great.
You butcher the iguana corpse.
N - a chunk of flesh {@w0} You see here an iguana skeleton. x2
Eating a chunk of flesh {@w0}.
You eat the chunk of flesh {@w0}.
This raw flesh tastes great.
N - a javelin You see here 28 stones.
N - 2 javelins (gained 1)
N - 3 javelins (gained 1)
You now have 267 gold pieces (gained 13).
A cyclops comes into view.
The cyclops shouts!
You hear a shout! x2
The cyclops throws a large rock.
The large rock hits you!!
You see here a large rock {!d}.
You take 23 damage, and have 48/71 hp.
MASSIVE DAMAGE!!
You see here a quarterstaff.
There is a stone staircase leading up here.
You climb upwards.
Level annotation: exclusion: 2 oklob plants
There is a stone staircase leading down here.
You start resting.
Health restored: 71
Found a staircase to the Lair.
Really walk into a travel-excluded area?
Aim: an oklob plant (chance to defeat MR: 48%)
The oklob plant is blasted.
You hit the oklob plant but do no damage.
You hit the oklob plant but do no damage.
The oklob plant spits acid at you. The splash of acid hits you!
The acid corrodes you!
You are splashed with acid!
The acid burns!
You take 13 damage, and have 58/71 hp.
You hit the oklob plant. You hit the oklob plant. You thump the oklob plant!
You thump the oklob plant! You completely miss the oklob plant.
You sock the oklob plant! The oklob plant spits acid at you.
The splash of acid hits you!
You are splashed with acid!
The acid burns!
You take 12 damage, and have 46/71 hp.
You hit the oklob plant but do no damage.
You hit the oklob plant but do no damage.
You hit the oklob plant but do no damage.
You hit the oklob plant but do no damage.
The oklob plant spits acid at you. The splash of acid hits you!
The acid corrodes you!
You are splashed with acid!
The acid burns!
You take 18 damage, and have 28/71 hp.
MASSIVE DAMAGE!!
You hit the oklob plant.
You hit the oklob plant but do no damage.
You sock the oklob plant! You sock the oklob plant!
You destroy the oklob plant!
Makhleb accepts your kill.
You feel better.
You regained 18 hp, and now have 47/71 hp.
You start resting.
You are no longer corroded.
You regained 4 hp, and now have 51/71 hp.
You start resting.
Health restored: 71 Really walk into a travel-excluded area?
You hit the oklob plant. The oklob plant spits acid at you.
The splash of acid hits you!
You are splashed with acid!
The acid burns!
You take 15 damage, and have 56/71 hp.
MASSIVE DAMAGE!!
You hit the oklob plant but do no damage.
The oklob plant spits acid at you. The splash of acid hits you!
The acid corrodes you!
You are splashed with acid!
The acid burns!
You take 20 damage, and have 36/71 hp.
MASSIVE DAMAGE!!
You sock the oklob plant! The oklob plant spits acid at you.
The splash of acid hits you!
You are splashed with acid!
The acid burns!
* * * LOW HITPOINT WARNING * * *
You take 24 damage, and have 12/71 hp.
MASSIVE DAMAGE!!
The oklob plant spits acid at you. The splash of acid hits you!
* * * LOW HITPOINT WARNING * * *
The acid corrodes you!
You are splashed with acid!
The acid burns!
You die...

....# #...# #......... ###.##
#####...### ##......... .....#
#..'......# ###..........
.....####.##......###.'..........
.......##.##.....................
######...........#######.........
..........##....#...≈...#..+##..#
.########.##......#...#.....#...#
.#....###.####..@##P..##.........
.#.....##.####.#..PPPPP..#..#...#
.#.....##...[..#≈.PP>PP.≈#....(.#
##.....##......#...PPP...#...#.(.
.......##........##...##........(
##..##..#.........#...#..........
#..###.........#...≈...#........
#..# ###........#######.........
#..# #.............'.(........


You could see an oklob plant.

Vanquished Creatures
  2 two-headed ogres (D:9)
  Urug (D:10)
  An unseen horror (D:10)
  An oklob plant (D:10)
  A troll (D:10)
  A hippogriff (D:8)
  5 yaks (D:10)
  2 wyverns
  2 hungry ghosts
  Eustachio (D:6)
  2 ice beasts
  2 sky beasts
  2 black bears (D:8)
  A phantom (D:4)
  3 ogres
  8 centaurs
  5 big kobolds (D:4)
  A bullfrog (D:6)
  7 scorpions
  2 howler monkeys
  A centaur zombie (D:5)
  6 crimson imps
  4 hounds
  2 jellies (D:10)
  3 orc priests
  2 bullfrog skeletons
  An orc wizard (D:4)
  10 worker ants
  4 iguanas
  2 hound zombies
  A howler monkey zombie (D:8)
  3 gnolls (D:4)
  11 adders
  An ooze (D:4)
  2 worms
  A dart slug (D:1)
  5 leopard geckos
  10 orcs
  7 bats
  2 giant cockroaches
  5 goblins
  7 hobgoblins
  12 jackals
  3 quokkas
  7 frilled lizards
  35 kobolds
  A leopard gecko skeleton (D:4)
  11 rats
209 creatures vanquished.

Vanquished Creatures (collateral kills)
  A two-headed ogre (D:9)
  3 water moccasins (D:9)
  2 adders
6 creatures vanquished.

Grand Total: 215 creatures vanquished

Notes
Turn   | Place    | Note
-------+----------+-------------------------------------------
     0 | D:1      | Firecrotchwizard the Gargoyle Gladiator began the quest for the Orb.
     0 | D:1      | Reached XP level 1. HP: 12/12 MP: 1/1
    75 | D:1      | HP: 3/12 [goblin (2)]
    79 | D:1      | Reached XP level 2. HP: 3/18 MP: 2/2
    80 | D:1      | HP: 2/18 [hobgoblin (1)]
   634 | D:1      | Reached skill level 1 in Armour
   936 | D:2      | Reached XP level 3. HP: 22/22 MP: 3/3
  1705 | D:3      | Reached skill level 4 in Maces & Flails
  1713 | D:3      | Reached XP level 4. HP: 22/27 MP: 4/4
  1872 | D:3      | Reached skill level 3 in Fighting
  1879 | D:3      | Reached skill level 2 in Armour
  2051 | D:3      | Reached XP level 5. HP: 23/32 MP: 5/5
  2259 | D:3      | HP: 6/32 [iguana (3)]
  2868 | D:4      | Found a staircase to the Ecumenical Temple.
  2874 | Temple   | Entered the Ecumenical Temple
  2881 | Temple   | Became a worshipper of Makhleb the Destroyer
  2895 | D:4      | Reached skill level 5 in Maces & Flails
  2895 | D:4      | Reached XP level 6. HP: 36/38 MP: 6/6
  3081 | D:4      | Reached skill level 3 in Armour
  3083 | D:4      | Reached skill level 4 in Fighting
  3238 | D:4      | Noticed a phantom
  3284 | D:4      | Found Huomeos's Distillery.
  3324 | D:4      | Killed a phantom
  3324 | D:4      | Reached XP level 7. HP: 32/44 MP: 7/7
  3417 | D:4      | Bought a potion of heal wounds for 60 gold pieces
  3417 | D:4      | Bought a potion of curing for 36 gold pieces
  3470 | D:4      | Found a deep blue altar of Sif Muna.
  3597 | D:4      | Reached skill level 6 in Maces & Flails
  3608 | D:4      | Reached * piety under Makhleb
  3855 | D:4      | Reached skill level 4 in Armour
  4042 | D:4      | Reached skill level 5 in Fighting
  4052 | D:4      | Reached XP level 8. HP: 22/49 MP: 8/8
  4570 | D:5      | Entered Level 5 of the Dungeon
  4628 | D:5      | Reached skill level 7 in Maces & Flails
  4704 | D:5      | Noticed gressup's ghost (novice KoHu)
  5511 | D:5      | Reached skill level 5 in Armour
  5665 | D:6      | Reached ** piety under Makhleb
  6209 | D:6      | Reached skill level 1 in Invocations
  6346 | D:6      | Reached skill level 6 in Fighting
  6346 | D:6      | Reached skill level 8 in Maces & Flails
  6423 | D:6      | Noticed Eustachio
  6458 | D:6      | Killed Eustachio
  6531 | D:7      | Found a sacrificial altar of Ru.
  6545 | D:7      | Reached skill level 2 in Invocations
  6608 | D:7      | Reached XP level 9. HP: 55/55 MP: 10/10
  6725 | D:7      | Found an opulent altar of Gozag.
  7306 | D:7      | Reached skill level 6 in Armour
  7524 | D:8      | You fall through a shaft!
  7647 | D:8      | Reached skill level 3 in Invocations
  7894 | D:8      | Reached skill level 9 in Maces & Flails
  7972 | D:8      | Found a bloodstained altar of Trog.
  7983 | D:8      | Reached skill level 7 in Fighting
  8148 | D:8      | Found Zocitaf's Antique Armour Shoppe.
  8153 | D:8      | Bought a shiny helmet for 195 gold pieces
  8211 | D:8      | Reached *** piety under Makhleb
  8416 | D:9      | Found Ovuubop's Serpentskin Sales.
  8421 | D:9      | Reached skill level 4 in Invocations
  8536 | D:9      | Got a brightly glowing buckler
  8542 | D:9      | Identified the +3 buckler "Wumpio Totul" {rF+ SInv} (You found it on level 9 of the Dungeon)
  8733 | D:9      | Noticed a two-headed ogre
  8744 | D:9      | Killed a two-headed ogre
  8744 | D:9      | Reached skill level 10 in Maces & Flails
  8744 | D:9      | Reached skill level 2 in Shields
  8744 | D:9      | Reached XP level 10. HP: 37/64 MP: 13/13
  8998 | D:9      | Reached skill level 5 in Invocations
  9108 | D:9      | Noticed a two-headed ogre
  9113 | D:9      | Noticed a two-headed ogre
  9153 | D:9      | Killed a two-headed ogre
  9153 | D:9      | Reached skill level 8 in Fighting
  9153 | D:9      | Reached skill level 3 in Shields
  9159 | D:9      | Killed a two-headed ogre
  9826 | D:10     | Entered Level 10 of the Dungeon
  9826 | D:10     | Noticed Urug
  9832 | D:10     | HP: 12/64 [Urug/long sword of electrocution (12)]
  9838 | D:10     | Killed Urug
 10054 | D:10     | Reached skill level 4 in Shields
 10054 | D:10     | Reached skill level 6 in Invocations
 10115 | D:10     | Reached skill level 11 in Maces & Flails
 10121 | D:10     | Noticed an oklob plant
 10156 | D:10     | Reached skill level 7 in Armour
 10175 | D:10     | Reached XP level 11. HP: 53/69 MP: 15/15
 10322 | D:10     | Found Apsifuim's General Store.
 10494 | D:10     | Found Tomadyr's Gadget Emporium.
 10515 | D:10     | Noticed an unseen horror
 10526 | D:10     | Killed an unseen horror
 10527 | D:10     | HP: 10/69 [troll (9)]
 10796 | D:10     | Found a staircase to the Orcish Mines.
 10878 | D:10     | Found Oritel's Jewellery Shoppe.
 10991 | D:10     | Noticed an oklob plant
 11144 | D:10     | Reached skill level 9 in Fighting
 11153 | D:10     | Found Jaror's Magic Scroll Shoppe.
 11632 | D:11     | Noticed a cyclops
 11747 | D:10     | Found a staircase to the Lair.
 11772 | D:10     | Killed an oklob plant
 11913 | D:10     | HP: 12/71 [acid (16)]
 11914 | D:10     | HP: 3/71 [oklob plant/splash of acid (9)]
 11914 | D:10     | Splashed by an oklob plant's acid

Vault maps used:
D:1:      nzn_arrival_crosshair
D:2:      first_ration
D:4:      minmay_goblin_kobold_castle, led_sif_book, minmay_temple_entry_hall,
          serial_shops, shop
D:6:      uniq_eustachio
D:7:      basic_altar, minmay_misc_feat_ornament, grunt_ogre_cave,
          eino_curves_03, grunt_gozag_statues
D:8:      serial_shops, nicolae_shop_stone, trog_ov_bears_minmay
D:9:      guppyfry_shop_venom
D:10:     dpeg_oklobed_lair, serial_shops, shop, kennysheep_mini_moat, shop,
          nicolae_shop_trees, serial_co_window_serial, co_window_corner_a,
          co_window_of_opportunity_a, co_window_of_opportunity_a,
          co_window_paths_a, co_window_corner_a, co_window_2corner,
          co_window_broadway_a, co_window_broadway_c,
          co_window_of_opportunity_b, co_window_corner_b, co_window_broadway_a,
          co_window_corner_b, co_window_paths_d, glass_columns_b, uniq_urug
Temple:   regret_index_temple_sigil_plot

Skill      XL: |  1  2  3  4  5  6  7  8  9 10 11 |
---------------+----------------------------------+-----
Armour         | 1 2 3 4 5 6 7 |  7.5
Maces & Flails | 4 5 6 8 10 11 | 11.6
Fighting       | 3 4 5 6 7 8 9 |  9.0
Invocations    | 2 4 6 |  6.8
Shields        | 2 4 |  4.0
Throwing       | |  1.7
Dodging        | |  2.4

Action                   |  1- 3 |  4- 6 |  7- 9 | 10-12 || total
-------------------------+-------+-------+-------+-------++-------
Melee: Flail             |    67 |   166 |   575 |   277 ||  1085
Throw: Javelin           |    24 |    17 |    20 |    29 ||    90
       Throwing net      |       |       |     1 |       ||     1
Invok: Lesser Servant of |       |       |     1 |     2 ||     3
       Minor Destruction |       |       |       |     1 ||     1
Evoke: Wand              |       |       |     1 |     5 ||     6
  Use: Scroll            |       |     1 |     5 |       ||     6
  Eat: Chunk             |     2 |    21 |    21 |    25 ||    69
Armor: Leather armour    |    31 |    38 |       |       ||    69
       Chain mail        |       |    61 |   482 |   132 ||   675
Dodge: Dodged            |    50 |   104 |   274 |    68 ||   496
Block: Buckler           |       |       |    10 |    72 ||    82

Table legend:
 A = Spawn XP
 B = Non-spawn XP
 C = Spawn XP percentage of total XP
 D = Spawn monster count
 E = Non-spawn monster count
 F = Spawn count percentage of total count
 G = Total turns spent on level
                    A         B        C        D         E        F      G
               +---------+---------+-------+---------+---------+-------+---------
         Total |       0 |   11820 |   0.0 |       0 |     215 |   0.0 | 11914
               +---------+---------+-------+---------+---------+-------+---------
           D:1 |       0 |      28 |   0.0 |       0 |      18 |   0.0 |   919
           D:2 |       0 |      38 |   0.0 |       0 |      16 |   0.0 |   753
           D:3 |       0 |     180 |   0.0 |       0 |      22 |   0.0 |  1069
           D:4 |       0 |     970 |   0.0 |       0 |      57 |   0.0 |  2154
           D:5 |       0 |     368 |   0.0 |       0 |      15 |   0.0 |   745
           D:6 |       0 |     705 |   0.0 |       0 |       9 |   0.0 |   867
           D:7 |       0 |     463 |   0.0 |       0 |      10 |   0.0 |   920
           D:8 |       0 |    1195 |   0.0 |       0 |      22 |   0.0 |   948
           D:9 |       0 |    3719 |   0.0 |       0 |      19 |   0.0 |  1556
          D:10 |       0 |    4081 |   0.0 |       0 |      25 |   0.0 |  1917
          D:11 |       0 |      73 |   0.0 |       0 |       2 |   0.0 |    51
               +---------+---------+-------+---------+---------+-------+---------

Vault maps used:
D:1:      nzn_arrival_crosshair
D:2:      first_ration
D:4:      minmay_goblin_kobold_castle, led_sif_book, minmay_temple_entry_hall,
          serial_shops, shop
D:6:      uniq_eustachio
D:7:      basic_altar, minmay_misc_feat_ornament, grunt_ogre_cave,
          eino_curves_03, grunt_gozag_statues
D:8:      serial_shops, nicolae_shop_stone, trog_ov_bears_minmay
D:9:      guppyfry_shop_venom
D:10:     dpeg_oklobed_lair, serial_shops, shop, kennysheep_mini_moat, shop,
          nicolae_shop_trees, serial_co_window_serial, co_window_corner_a,
          co_window_of_opportunity_a, co_window_of_opportunity_a,
          co_window_paths_a, co_window_corner_a, co_window_2corner,
          co_window_broadway_a, co_window_broadway_c,
          co_window_of_opportunity_b, co_window_corner_b, co_window_broadway_a,
          co_window_corner_b, co_window_paths_d, glass_columns_b, uniq_urug
Temple:   regret_index_temple_sigil_plot

Table legend:
 A = Turns spent in this place as a percentage of turns spent in the entire game.
 B = Non-inter-level travel turns spent in this place as a percentage of non-inter-level travel turns spent in the entire game.
 C = Inter-level travel turns spent in this place as a percentage of turns spent in this place.
 D = Turns resting spent in this place as a percentage of non-inter-level travel turns spent in this place.
 E = Turns spent auto-exploring this place as a percentage of non-inter-level travel turns spent in this place.
 F = Non-inter-level travel turns spent in this place divided by the number of levels of this place that you've seen.
                   A       B       C       D       E      F
               +-------+-------+-------+-------+-------+----------------------
         Total | 100.0 | 100.0 |   3.7 |  24.6 |  55.7 | 956.2
       Dungeon |  99.9 |  99.9 |   3.6 |  24.6 |  55.8 | 1042.4
        Temple |   0.1 |   0.1 |  46.7 |   0.0 |   0.0 |   8.0
               +-------+-------+-------+-------+-------+----------------------

Table legend:
 A = Kills in this place as a percentage of kills in entire the game.
 B = Kills by you in this place as a percentage of kills by you in the entire game.
 C = Kills by friends in this place as a percentage of kills by friends in the entire game.
 D = Other kills in this place as a percentage of other kills in the entire game.
 E = Experience gained in this place as a percentage of experience gained in the entire game.
 F = Experience gained in this place divided by the number of levels of this place that you have seen.
                   A       B       C       D       E      F
               +-------+-------+-------+-------+-------+----------------------
         Total | 100.0 | 100.0 | 100.0 |   N/A | 100.0 | 985.0
       Dungeon | 100.0 | 100.0 | 100.0 |   N/A | 100.0 | 1074.5
               +-------+-------+-------+-------+-------+----------------------
